 Dungeon Crawl Stone Soup version 0.29-a0-993-g4a18f31a58 (webtiles) character file.

Game seed: 17137059970183145346

1894 Newt the Stinger (level 8, 0/60 (61) HPs)
             Began as a Demonspawn Artificer on Aug 2, 2022.
             Shot with a bolt by an orc warrior (25 damage)
             ... on level 5 of the Dungeon.
             The game lasted 00:13:44 (7886 turns).

Newt the Stinger (Demonspawn Artificer)             Turns: 7886, Time: 00:13:44

HP:   0/60 (61)     AC:  3    Str: 20    XL:     8   Next: 93%
MP:   14/14         EV: 12    Int: 13    God:
Gold: 175           SH:  0    Dex: 14    Spells: 15/15 levels left

rFire   . . .      SeeInvis .   l - staff of conjuration
rCold   . . .      Faith    .   j - orb {mayhem}
rNeg    . . .      Spirit   .   b - +0 leather armour
rPois   .          Reflect  .   (no helmet)
rElec   .          Harm     .   (no cloak)
rCorr   .          Rampage  .   (no gloves)
Will    .....                   (no boots)
Stlth   +.........              (no amulet)
HPRegen 0.20/turn               p - +6 ring of strength
MPRegen 0.14/turn               (no ring)

@: lightly drained
A: hooves 2, ignite blood 2, weakness stinger 1
a: no special abilities


You were on level 5 of the Dungeon.
You visited 1 branch of the dungeon, and saw 5 of its levels.

You collected 195 gold pieces.
You spent 20 gold pieces at shops.

Inventory:

Hand Weapons
 a - a +0 club
Armour
 b - a +0 leather armour (worn)
 h - a +1 pair of boots
 j - an orb of mayhem (worn)
Magical Staves
 l - a staff of conjuration (weapon)
Jewellery
 p - a +6 ring of strength (left hand)
Wands
 d - a wand of charming (6)
 e - a wand of iceblast (1)
Scrolls
 c - 2 scrolls of brand weapon {unknown}
 k - a scroll of identify
 o - a scroll of summoning
 q - a scroll of vulnerability {unknown}
 t - 2 scrolls of immolation {unknown}
 u - a scroll of enchant weapon {unknown}
 w - a scroll of teleportation {unknown}
 x - a scroll of enchant armour {unknown}
Potions
 g - 2 potions of cancellation
 i - 2 potions of haste
 m - a potion of resistance
 n - a potion of brilliance
 r - a potion of curing
 s - 2 potions of mutation
 v - a potion of attraction {unknown}


   Skills:
 + Level 4.8 Fighting
 + Level 2.2 Long Blades
 - Level 1.2(3.2) Maces & Flails
 * Level 4.8(4.9) Staves
 + Level 4.7 Armour
 + Level 3.3 Dodging
 - Level 0.8 Stealth
 + Level 3.3 Shields
 * Level 4.4 Spellcasting
 * Level 4.6 Conjurations
 + Level 2.2 Transmutations
 + Level 2.2 Air Magic
 * Level 5.0 Poison Magic
 + Level 3.3 Invocations
 + Level 4.8 Evocations


You had 15 spell levels left.
You didn't know any spells.
Your spell library was empty.

Dungeon Overview and Level Annotations

Branches:
Dungeon (5/15)
 Temple: D:4-7

Altars:

Shops:
D:2 ?   D:4 [


Innate Abilities, Weirdness & Mutations

You have hoof-like feet.
Your demonic aura often causes spilled blood to erupt in flames.
You have a small tail.


Message History

Okay, then.
Unknown command.
An orc comes into view.
It is wielding a +0 dagger and carrying a wand of flame (18).
You see here a +0 club.
The orc hits you with a +0 dagger.
* * * LOW HITPOINT WARNING * * *
Things that are here:
a +0 hand axe; a +0 leather armour You hit the orc.
You kick the orc.
You kill the orc!
The orc wizard flies into a frenzy!
The orc wizard hits you with a +0 dagger.
* * * LOW HITPOINT WARNING * * *
You hit the orc wizard.
You blast the orc wizard.
The orc wizard is heavily wounded.
The orc wizard is engulfed in blazing flames.
The orc wizard hits you with a +0 dagger.
* * * LOW HITPOINT WARNING * * *
The orc wizard is engulfed in blazing flames.
You kill the orc wizard!
Things that are here:
a +0 dagger; an orc corpse
Items here: ))) [[.
You start resting.
An orc comes into view. It is wielding a +0 club.
An orc is nearby!
The orc shouts!
Things that are here:
a +0 dagger; a +0 robe; an orc corpse An orc comes into view.
It is wielding a +0 flail.
Items here: )) [ †.
The orc shouts!
You hit the orc. You kick the orc.
You kill the orc!
The orc flies into a frenzy!
You hear a shout!
An orc warrior comes into view. It is wielding a +0 glaive.
The orc warrior unwields a +0 glaive.
The orc warrior wields a +0 arbalest.
The orc warrior shoots a bolt.
The bolt hits you!!
You die...

# #.......#.......#....'))..).. #
#.......#.8o.o8.#....#.).)... #
#.......#.......#....#....... #
#.......##.....##....#....... #
#.......##8...8##....##'#####
#####.......# #.).# #....##.#
............####)####.......#
#######.......)))........########
...##...(.....))@)...............
...##.###........)...............
...##.# ##......))....##.########
...##.## ##......)....##....##...
..###.≈# ##...........##.##.##...
#.###.≈###≈≈........####.##.##...
#.#.≈≈~#.≈~.#...............##...
#.~≈..#.≈~#...#.##..##########...
###≈≈.#####.#.#.##..# #...


You could see an orc warrior and a neutral orc (fast, strong, insane,
distracted).

Vanquished Creatures
  A black bear (D:4)
  An orc warrior (D:5)
  3 ogres
  A necrophage (D:5)
  5 scorpions
  3 orc priests
  2 hounds (D:5)
  An iguana (D:5)
  9 orc wizards
  3 adders
  An ufetubus (D:4)
  5 worms
  A dart slug (D:2)
  35 orcs
  6 endoplasms
  2 giant cockroaches
  4 goblins
  8 hobgoblins
  4 quokkas
  6 ball pythons
  3 bats
  5 frilled lizards (D:2)
  8 kobolds
  5 rats
122 creatures vanquished.

Vanquished Creatures (collateral kills)
  A hound (D:5)
  An orc priest (D:4)
  2 orcs (D:5)
  A frilled lizard (D:2)
  A kobold (D:1)
6 creatures vanquished.

Vanquished Creatures (others)
  An orc (D:4)
1 creature vanquished.

Grand Total: 129 creatures vanquished

Notes
Turn   | Place    | Note
-------+----------+-------------------------------------------
     0 | D:1      | Newt the Demonspawn Artificer began the quest for the Orb.
     0 | D:1      | Reached XP level 1. HP: 15/15 MP: 1/1
  1031 | D:1      | Discovered your monstrous ancestry.
  1031 | D:1      | Gained mutation: You have large cloven feet. [demonic
                  | ancestry]
  1031 | D:1      | Reached XP level 2. HP: 16/21 MP: 2/2
  1913 | D:2      | Found Hahed's Magic Scroll Boutique.
  1933 | D:2      | Bought a scroll of identify for 20 gold pieces
  2067 | D:2      | Reached skill level 1 in Dodging
  2067 | D:2      | Reached XP level 3. HP: 13/26 MP: 3/3
  2354 | D:2      | Reached skill level 1 in Poison Magic
  2367 | D:2      | Reached skill level 1 in Maces & Flails
  2367 | D:2      | Reached skill level 1 in Staves
  2551 | D:2      | Found a faded altar of an unknown god.
  2595 | D:2      | HP: 1/26 [quokka (1)]
  3622 | D:3      | Gained mutation: Your demonic aura sometimes causes spilled
                  | blood to erupt in flames. [demonic ancestry]
  3622 | D:3      | Reached XP level 4. HP: 15/32 MP: 3/5
  4769 | D:4      | Reached skill level 1 in Spellcasting
  4774 | D:4      | Gained mutation: Your demonic aura often causes spilled
                  | blood to erupt in flames. [demonic ancestry]
  4774 | D:4      | Reached XP level 5. HP: 29/37 MP: 6/6
  5033 | D:4      | Noticed an ogre
  5035 | D:4      | Killed an ogre
  5036 | D:4      | Reached skill level 1 in Conjurations
  5036 | D:4      | Reached skill level 2 in Poison Magic
  5036 | D:4      | Reached XP level 6. HP: 35/44 MP: 8/8
  5092 | D:5      | Entered Level 5 of the Dungeon
  5581 | D:4      | Identified the +1 robe of Ikheulal {rPois}
  5663 | D:4      | Gained mutation: You have a small tail. [demonic ancestry]
  5663 | D:4      | Reached XP level 7. HP: 16/51 MP: 10/10
  5921 | D:4      | Reached skill level 4 in Poison Magic
  5921 | D:4      | Gained mutation: You have hoof-like feet. [demonic
                  | ancestry]
  5921 | D:4      | Reached XP level 8. HP: 61/61 MP: 10/14
  5983 | D:4      | Found Utsodgham's Antique Armour Boutique.
  7293 | D:5      | Found a runed translucent door.
  7803 | D:5      | Reached skill level 5 in Poison Magic
  7886 | D:5      | Shot with a bolt by an orc warrior

Illustrated notes

Levels and vault maps discovered:
D:1:      kennysheep_arrival_seaside, layout_basic
D:2:      layout_rooms, ebering_ecumenical_altar_mist, serial_shops, shop,
          nicolae_concentric_dashed_squares_wild, minmay_heptomino_l4
D:3:      layout_basic, kennysheep_generic_room_13
D:4:      layout_loops_ring, serial_shops, nicolae_shop_hallway_stairs,
          glass_columns_a, small_statue_alley_b, kennysheep_another_room,
          nicolae_figureground_sparkle
D:5:      layout_basic, chequers_serial_rivers_small_b, lightli_church_of_beogh

Skill      XL: |  1  2  3  4  5  6  7  8 |
---------------+-------------------------+-----
Dodging        | 1 3 |  3.3
Poison Magic   | 1 2 4 5 |  5.0
Maces & Flails | 1 |  1.2
Staves         | 1 2 4 |  4.8
Armour         | 2 4 |  4.7
Spellcasting   | 1 2 4 |  4.4
Conjurations   | 1 4 |  4.6
Fighting       | 2 4 |  4.8
Long Blades    | 2 |  2.2
Shields        | 3 |  3.3
Transmutations | 2 |  2.2
Air Magic      | 2 |  2.2
Invocations    | 3 |  3.3
Evocations     | 4 |  4.8
Stealth        | |  0.8

Action                   |  1- 3 |  4- 6 |  7- 9 || total
-------------------------+-------+-------+-------++-------
Melee: Club              |   129 |    15 |       ||   144
       Kick              |    26 |    20 |    43 ||    89
       Staff             |       |    83 |   117 ||   200
       Tailslap          |       |       |    14 ||    14
Evoke: Wand              |    18 |     9 |     5 ||    32
  Use: Scroll            |     1 |     8 |     4 ||    13
       Potion            |       |     1 |     1 ||     2
 Stab: Betrayed ally     |     1 |     1 |       ||     2
       Sleeping          |     2 |     2 |       ||     4
Armor: Leather armour    |    37 |    13 |    15 ||    65
Dodge: Dodged            |    95 |    54 |    57 ||   206

Table legend: (Time is in decaauts)
 A = Elapsed time spent in this place.
 B = Non-inter-level travel time spent in this place.
 C = Inter-level travel time spent in this place.
 D = Time resting spent in this place.
 E = Time spent auto-exploring this place.
 F = Levels seen in this place.
 G = Mean time per level.
                   A        B        C        D        E       F      G
               +--------+--------+--------+--------+--------+-----+--------+
         Total |   7931 |   7645 |    286 |   2833 |   3938 |   5 | 1586.2 |
       Dungeon |   7931 |   7645 |    286 |   2833 |   3938 |   5 | 1586.2 |
               +--------+--------+--------+--------+--------+-----+--------+

Top non-repeatable levels by time:
     D:1: 1806 daAuts
     D:4: 1659 daAuts
     D:2: 1544 daAuts
     D:5: 1469 daAuts
     D:3: 1452 daAuts
